 Dungeon Crawl Stone Soup version 0.32-a0-571-gec57dfcd37 (webtiles) character file.

Game seed: 14666364564597750734

50 gimp the Ruffian (level 3, -2/42 HPs)
             Began as a Barachi Shapeshifter on Feb 29, 2024.
             Slain by Terence
             ... wielding a +0 falchion
              (6 damage)
             ... on level 2 of the Dungeon.
             The game lasted 00:03:39 (1059 turns).

gimp the Ruffian (Barachi Shapeshifter)             Turns: 1059, Time: 00:03:40

Health: -2/42      AC: 21    Str: 15    XL:     3   Next: 79%
Magic:  3/3        EV:  2    Int: 10    God:
Gold:   80         SH:  0    Dex: 13    Spells: 2/2 levels left

rFire   . .          .
                       - Unarmed
rCold   . . .        (no shield)
rNeg    . . .        a - melded +0 animal skin
rPois   +            (helmet currently unavailable)
rElec   .            (cloak currently unavailable)
rCorr   .            (gloves currently unavailable)
SInv    .            (boots currently unavailable)
Will    .....        (no amulet)
Stlth   +            (no ring)
HPRegen 0.27/turn    (no ring)
MPRegen 0.08/turn

%: no passive effects
@: tree-form
A: stationary, stasis, torment immunity, boosted hp, (amphibious), (slowness 1),
(strong legs 1), +LOS
a: no special abilities


You were on level 2 of the Dungeon.
You were a tree.
You visited 1 branch of the dungeon, and saw 2 of its levels.

You collected 80 gold pieces.

Inventory:

Armour
 a - a +0 animal skin (melded)
 g - a +0 pair of gloves
Jewellery
 f - a +4 ring of slaying
Talismans
 c - a beast talisman (active)
 d - a flux talisman
Scrolls
 i - a scroll of poison {unknown}
 j - a scroll of immolation {unknown}
 l - a scroll of identify {unknown}
Potions
 b - a potion of lignification
 e - 2 potions of curing {unknown}
 h - a potion of attraction {unknown}
 k - a potion of enlightenment {unknown}
 m - a potion of haste {unknown}
 n - a potion of degeneration {unknown}


   Skills:
 + Level 2.4 Fighting
 + Level 2.8 Dodging
 + Level 3.7 Unarmed Combat
 + Level 3.7 Shapeshifting


You had 2 spell levels left.
You didn't know any spells.
Your spell library contained the following spells:

 Spells                   Type           Power      Damage    Failure   Level
 Shock                    Conj/Air       0%         1d3       36%         1
 Lesser Beckoning         Tloc           0%         N/A       50%         2
 Gell's Gravitas          Tloc           0%         N/A       75%         3
 Swiftness                Air            0%         N/A       75%         3
 Teleport Other           Tloc           0%         N/A       75%         3
 Airstrike                Air            0%         2d(0-16)  98%         4


Dungeon Overview and Level Annotations

Branches:
Dungeon (2/15)

Altars:

Annotations:
D:2 Sigmund, Terence


Innate Abilities, Weirdness & Mutations

You are a tree.
Your roots penetrate the ground, keeping you stationary.
You cannot be teleported.
You are immune to unholy pain and torment.
Your maximum health is greatly increased.
Your equipment is partially melded.
((You are amphibious.))
((You cover ground slowly.))
((You can hop short distances.))
You have an extended range of vision and can be seen from far away.


Message History

You take 2 damage, and have 26/28 hp.
You hit the ribbon worm.
The ribbon worm is lightly wounded.
The ribbon worm bites you.
You take 2 damage, and have 24/28 hp.
You hit the ribbon worm.
The ribbon worm is moderately wounded.
You hit the ribbon worm.
The ribbon worm is heavily wounded.
The ribbon worm bites you.
You take 3 damage, and have 21/28 hp.
You hit the ribbon worm but do no damage.
The ribbon worm is moderately wounded.
The ribbon worm barely misses you.
You hit the ribbon worm but do no damage.
The ribbon worm is moderately wounded.
The ribbon worm closely misses you.
You hit the ribbon worm.
The ribbon worm is heavily wounded.
You punch the ribbon worm!
The ribbon worm is almost dead.
The ribbon worm misses you.
You hit the ribbon worm.
The ribbon worm is almost dead.
The ribbon worm expels a string of sticky webbing.
The stream of webbing misses you.
You hit the ribbon worm.
You kill the ribbon worm!
m - a puce potion Health restored: 28 Terence the Incautious comes into view.
He is wielding a +0 falchion.
Found a scroll labelled HODAUMYTUM.
Terence shouts!
A quokka comes into view.
You see here a purple potion.
n - a purple potion Terence is nearby!
There are monsters nearby!
The quokka bites you.
You take 3 damage, and have 25/28 hp.
You hit the quokka but do no damage. The quokka closely misses you.
You punch the quokka!
You kill the quokka!
You punch Terence!
Terence is moderately wounded.
You closely miss Terence.
Terence is moderately wounded.
Terence barely misses you.
You hit Terence but do no damage.
Terence is moderately wounded.
Terence hits you with a +0 falchion!
You take 9 damage, and have 17/28 hp.
MASSIVE DAMAGE!!
You barely miss Terence.
Terence is moderately wounded.
Terence closely misses you.
You hit Terence.
Terence is heavily wounded.
Terence hits you with a +0 falchion.
You take 3 damage, and have 14/28 hp.
You are too injured to fight recklessly!
You are too injured to fight recklessly!
You are too injured to fight recklessly!
You barely miss Terence.
Terence is heavily wounded.
Terence closely misses you.
You completely miss Terence.
Terence is heavily wounded.
Terence barely misses you.
You hit Terence but do no damage.
Terence is heavily wounded.
Terence completely misses you.
You hit Terence.
Terence is severely wounded.
Terence hits you with a +0 falchion!
* * * LOW HITPOINT WARNING * * *
You take 11 damage, and have 4/28 hp.
MASSIVE DAMAGE!!
Your transformation has ended.
You turn into a tree.
Your +0 animal skin melds into your body.
Your roots penetrate the ground.
Terence hits you but does no damage.
You now have 6/42 hp.
You hit Terence but do no damage.
Terence is severely wounded.
Terence hits you but does no damage.
You barely miss Terence.
Terence is severely wounded.
Terence hits you but does no damage.
You hit Terence.
Terence is almost dead.
Terence hits you but does no damage.
You barely miss Terence.
Terence is almost dead.
Terence hits you with a +0 falchion.
* * * LOW HITPOINT WARNING * * *
You take 4 damage, and have 3/42 hp.
You hit Terence but do no damage.
Terence is almost dead.
Terence hits you with a +0 falchion.
You die...
Terence says, "That felt goooood."

?#...@.......
............#########
#...................#
#.........##........#
#.........##........#
#.........##........#
#####..####...##.........
#.......###...##.........
#.....#@♣.#...##.........
#.....###.....#########..
#.....# ##....##.....#...
#.....# ##...##.........
#.....# #....#.......#.
#.....#####....####..#...
#.#...........>......#...
#.#############..........
#. #.............


You could see Terence.

Vanquished Creatures
  2 dart slugs
  3 ribbon worms
  A ball python (D:1)
  7 endoplasms
  A giant cockroach (D:2)
  4 hobgoblins
  3 jackals (D:1)
  2 kobolds (D:1)
  A quokka (D:2)
  A bat (D:1)
  3 frilled lizards (D:1)
  4 goblins (D:1)
  3 rats (D:1)
35 creatures vanquished.

Notes
Turn   | Place    | Note
-------+----------+-------------------------------------------
     0 | D:1      | gimp the Barachi Shapeshifter began the quest for the Orb.
     0 | D:1      | Reached XP level 1. HP: 15/15 MP: 1/1
   146 | D:1      | Reached XP level 2. HP: 22/22 MP: 2/2
   356 | D:1      | Reached XP level 3. HP: 21/27 MP: 3/3
   761 | D:2      | Noticed Sigmund
   905 | D:2      | Found a faded altar of an unknown god.
  1034 | D:2      | Noticed Terence
  1059 | D:2      | Slain by Terence

Illustrated notes

Levels and vault maps discovered:
D:1:      dpeg_arrival_rhombi, layout_rooms, chequers_avenue, minmay_hexomino_c4
D:2:      layout_basic, ebering_ecumenical_altar_mist, minmay_tripent,
          uniq_sigmund, uniq_terence

Skill      XL: |  1  2 |
---------------+-------+-----
Fighting       | 2 |  2.4
Dodging        | |  2.8
Unarmed Combat | |  3.7
Shapeshifting  | |  3.7

Action                     || total
---------------------------++-------
  Melee: Unarmed           ||   131
         Punch             ||     2
    Use: Potion            ||     1
 Armour: Animal skin       ||    50
         Skin              ||     6
  Dodge: Dodged            ||    64

Table legend: (Time is in decaauts)
 A = Elapsed time spent in this place.
 B = Non-inter-level travel time spent in this place.
 C = Inter-level travel time spent in this place.
 D = Time resting spent in this place.
 E = Time spent auto-exploring this place.
 F = Levels seen in this place.
 G = Mean time per level.
                   A        B        C        D        E       F      G
               +--------+--------+--------+--------+--------+-----+--------+
         Total |   1178 |   1120 |     58 |     21 |    764 |   2 |  589.0 |
       Dungeon |   1178 |   1120 |     58 |     21 |    764 |   2 |  589.0 |
               +--------+--------+--------+--------+--------+-----+--------+

Top non-repeatable levels by time:
     D:1: 815 daAuts
     D:2: 362 daAuts
